 Dungeon Crawl Stone Soup version 0.25.1-2-g60ff931df9 (webtiles) character file.

Game seed: 6547937151629688682

331 Drachen the Ducker (level 6, -1/76 HPs)
             Began as a Demigod Gladiator on Oct 11, 2020.
             Succumbed to a kobold's poison
             ... on level 3 of the Dungeon.
             The game lasted 00:08:45 (3306 turns).

Drachen the Ducker (Demigod Gladiator)              Turns: 3306, Time: 00:08:45

Health: -1/76      AC: 23    Str: 19    XL:     6   Next: 5%
Magic:  8/8        EV:  2    Int: 12    God:
Gold:   80         SH:  0    Dex: 19    Spells: 5/5 levels left

rFire    . . .     SeeInvis .   a - +0 rapier
rCold    . . .     Gourm    .   (no shield)
rNeg     + + +     Faith    .   (armour currently unavailable)
rPois    +         Spirit   .   (helmet currently unavailable)
rElec    .         Reflect  .   (cloak currently unavailable)
rCorr    .         Harm     .   (gloves currently unavailable)
MR       .....     NoTele   +   (boots currently unavailable)
Stlth    ++........             (no amulet)
HPRegen  0.22/turn              (no ring)
MPRegen  0.11/turn              (no ring)

@: lethally poisoned (-1 -> -13), tree-form, berserk cooldown, slowed, very slow
A: high mp 1
a: no special abilities


You were on level 3 of the Dungeon.
You were not hungry.
You were a tree.
You visited 1 branch of the dungeon, and saw 3 of its levels.

You collected 80 gold pieces.

Inventory:

Hand Weapons
 a - a +0 rapier (weapon)
Missiles
 b - 8 boomerangs
 d - a throwing net
 n - 4 boomerangs of dispersal (quivered)
Armour
 c - a +0 helmet (melded)
 p - a +0 pair of gloves (melded)
 t - a +0 chain mail (melded)
Scrolls
 e - 2 scrolls of identify
 g - a scroll of fear
 i - 3 scrolls of enchant armour {unknown}
 j - a scroll of teleportation {unknown}
 k - a scroll of noise {unknown}
 l - a scroll of immolation {unknown}
 m - a scroll of fog {unknown}
 o - 2 scrolls of enchant weapon {unknown}
Comestibles
 f - 4 rations
 s - 10 chunks of flesh


   Skills:
 + Level 3.1 Fighting
 + Level 3.7 Short Blades
 + Level 3.1 Throwing
 + Level 2.3 Armour
 + Level 3.7 Dodging


You had 5 spell levels left.
You didn't know any spells.
Your spell library was empty.

Dungeon Overview and Level Annotations

Branches:
Dungeon (3/15)


Innate Abilities, Weirdness & Mutations

You have an increased reservoir of magic. (+10% MP)


Message History

You are no longer berserk.
You are exhausted.
You feel as though you will be slow longer.
* * * LOW HITPOINT WARNING * * *
You feel sick.
It was a potion of magic.
Magic courses through your body.
* * * LOW HITPOINT WARNING * * *
You feel sick.
A hobgoblin comes into view. It is wielding a +0 club.
It was a potion of lignification.
You turn into a tree.
Your +0 helmet melds into your body.
Your +0 pair of gloves melds into your body.
Your +0 chain mail melds into your body.
Your roots penetrate the ground.
* * * LOW HITPOINT WARNING * * *
You feel sick.
As you read the scroll labeled UPNAICLEWN, it crumbles to dust.
It is a scroll of identify.
g - a scroll of fear You die...

..####.#######
#............######
.........###......###
#..........####.....####
#.............(.........
.........##.........#.
.........######.....##...
...........####(((.....$.
##..###.)#....((♣#.#...#.
...## ##.####........g##
########........#.......
...........####......###
...#####....##..##.....
#........##........#####
#....######.......##
..##.....#........##
.####............... .


You could see a hobgoblin (wandering).

Vanquished Creatures
  Sigmund (D:2)
  An orc wizard (D:3)
  An orc priest (D:3)
  3 adders
  3 worms
  2 dart slugs
  2 leopard geckos
  6 orcs (D:3)
  12 bats
  3 giant cockroaches
  6 goblins
  8 hobgoblins
  3 jackals (D:3)
  13 kobolds
  A quokka (D:3)
  A ball python (D:1)
  A frilled lizard (D:1)
  5 rats
72 creatures vanquished.

Notes
Turn   | Place    | Note
-------+----------+-------------------------------------------
     0 | D:1      | Drachen the Demigod Gladiator began the quest for the Orb.
     0 | D:1      | Reached XP level 1. HP: 17/17 MP: 3/3
   451 | D:1      | Reached XP level 2. HP: 23/24 MP: 4/4
  1641 | D:2      | Reached XP level 3. HP: 29/29 MP: 5/5
  1682 | D:2      | Reached skill level 1 in Armour
  2045 | D:2      | Noticed Sigmund
  2566 | D:2      | Found a shimmering blue altar of Sif Muna.
  2631 | D:2      | Killed Sigmund
  2631 | D:2      | Reached XP level 4. HP: 25/37 MP: 6/6
  2631 | D:2      | Reached XP level 5. HP: 29/44 MP: 7/7
  2922 | D:3      | Found a shimmering altar of Xom.
  3150 | D:3      | Reached XP level 6. HP: 50/51 MP: 8/8
  3304 | D:3      | HP: 1/51 [poisoned by a kobold]
  3306 | D:3      | Succumbed to a kobold's poison

Illustrated notes

Levels and vault maps discovered:
D:1:      denvon_arrival_planthouse, layout_basic, minmay_misc_feat_nine_boxes
D:2:      layout_loops_ring, overflow_temple_1_default, hex_large, uniq_sigmund
D:3:      minmay_angry_zag, layout_rooms, xom_teletrap_fun, first_ration

Skill      XL: |  1  2  3  4  5 |
---------------+----------------+-----
Fighting       | 2 3 |  3.1
Throwing       | 2 3 |  3.1
Short Blades   | 3 |  3.7
Dodging        | 3 |  3.7
Armour         | 2 |  2.3

Action                   |  1- 3 |  4- 6 || total
-------------------------+-------+-------++-------
Melee: Rapier            |   148 |   101 ||   249
Throw: Boomerang         |     3 |     3 ||     6
       Throwing net      |     2 |       ||     2
  Use: Potion            |       |     4 ||     4
       Scroll            |       |     1 ||     1
 Stab: Sleeping          |     2 |       ||     2
  Eat: Chunk             |     5 |     3 ||     8
Armor: Leather armour    |    34 |       ||    34
       Scale mail        |     4 |       ||     4
       Chain mail        |       |    62 ||    62
Dodge: Dodged            |    69 |    62 ||   131
